 Dungeon Crawl Stone Soup version 0.20-a0-1089-g3fde505 (webtiles) character file.

343 Murumi the Covert (level 6, -6/43 HPs)
             Began as a Vampire Enchanter on May 4, 2017.
             Mangled by a phantom (9 damage)
             ... on level 4 of the Dungeon.
             The game lasted 00:14:24 (3629 turns).

Murumi the Covert (Vampire Enchanter)               Turns: 3629, Time: 00:14:25

Health: -6/43      AC:  3    Str:  7    XL:     6   Next: 31%
Magic:  0/9        EV: 13    Int: 18    God:
Gold:   149        SH:  0    Dex: 16    Spells: 3/9 levels left

rFire    + . .     SeeInvis +   q - +2 dagger (drain)
rCold    + . .     Gourm    .   (no shield)
rNeg     + + .     Faith    .   b - +0 robe
rPois    +         Spirit   .   (no helmet)
rElec    .         Reflect  .   (no cloak)
rCorr    .         Harm     .   a - +0 pair of gloves (curse)
MR       .....                  (no boots)
Stlth    ++++++....             (no amulet)
Regen    0.1/turn               e - ring of protection from cold
MPRegen  0.2/turn               p - ring of fire

@: regenerating slowly
A: fangs 3, see invisible, unbreathing
a: Bat Form


You were on level 4 of the Dungeon.
You were thirsty.

You visited 1 branch of the dungeon, and saw 4 of its levels.

You collected 149 gold pieces.

Inventory:

Hand Weapons
 i - a +2 dagger of venom
 o - a +1 vampiric dagger
 q - a +2 dagger of draining (weapon)
Armour
 a - a cursed +0 pair of gloves (worn)
 b - a +0 robe (worn)
 j - a +0 buckler
Jewellery
 e - a ring of protection from cold (left hand)
 p - a ring of fire (right hand)
Scrolls
 n - a scroll of recharging
Potions
 d - 25 potions of blood
 f - a potion of brilliance
 g - a potion of resistance {unknown}
 h - a potion of might {unknown}
 k - a potion of agility {unknown}
 l - a potion of lignification {unknown}
 m - a potion of haste {unknown}
Books
 c - a book of Maledictions

   Spells                             Type                      Level
   a - Corona                         Hexes                        1
   b - Ensorcelled Hibernation        Hexes/Ice                    2
   c - Confuse                        Hexes                        3
   d - Tukima's Dance                 Hexes                        3
   e - Dazzling Spray                 Conjuration/Hexes            3


   Skills:
 + Level 1.5 Fighting
 - Level 2.0 Short Blades
 - Level 2.1 Dodging
 - Level 10.1 Stealth
 - Level 2.0 Spellcasting
 - Level 4.4 Hexes


You had 3 spell levels left.
You knew the following spells:

 Your Spells              Type           Power        Failure   Level  Hunger
a - Corona                Hex            ###....      3%          1    #......
b - Ensorcelled Hibernat  Hex/Ice        #.....       11%         2    ###....
c - Confuse               Hex            ###.....     9%          3    ###....


Dungeon Overview and Level Annotations

Branches:
Dungeon (4/15)
 Temple: D:4-7

Altars:
Ashenzari


Innate Abilities, Weirdness & Mutations

You heal slowly.
You have razor-sharp teeth.
You have supernaturally acute eyesight. (SInv)
You can survive without breathing.


Message History

Casting: Confuse
Confirm with . or Enter, or press ? or * to list all spells.
You don't have enough magic to cast that spell.
Unknown command.
Casting: Confuse
Confirm with . or Enter, or press ? or * to list all spells.
You don't have enough magic to cast that spell.
Unknown command.
You barely miss the phantom.
The phantom is lightly damaged.
The phantom blinks!
The phantom blinks!
You start resting.
Casting: Confuse
Confirm with . or Enter, or press ? or * to list all spells.
Aiming: Confuse
Press: ? - help, Shift-Dir - straight line, f/p - phantom
Aim: a phantom (lightly damaged, chance to defeat MR: 30%)
The phantom easily resists.
The phantom hits you!
You die...

. #...W....#
###......#
......## . .....
..### #.....
...## ####.....
.###... ......
.......#####..#
#..@W....###
########=..#
##..#.......
##..###.##... #
#..## .# # #.
##.#.....# #.
##..#.....# #..
#..##.....#
#.#####.###.....#


You could see a phantom.

Vanquished Creatures
  Eustachio (D:3)
  A hound (D:4)
  A jelly (D:3)
  An orc priest (D:3)
  3 adders
  An ooze (D:2)
  4 worms
  A dart slug (D:2)
  2 leopard geckos
  An orc (D:3)
  5 giant cockroaches
  12 goblins
  8 hobgoblins
  7 jackals
  6 kobolds
  3 quokkas (D:2)
  7 bats
  3 frilled lizards (D:3)
  10 rats
77 creatures vanquished.

Notes
Turn   | Place    | Note
-------+----------+-------------------------------------------
     0 | D:1      | Murumi the Vampire Enchanter began the quest for the Orb.
     0 | D:1      | Reached XP level 1. HP: 13/13 MP: 3/3
   293 | D:1      | Reached skill level 5 in Stealth
   502 | D:1      | Reached XP level 2. HP: 20/20 MP: 5/5
   506 | D:1      | Learned a level 2 spell: Ensorcelled Hibernation
   690 | D:1      | Reached skill level 1 in Fighting
  1460 | D:2      | Reached skill level 6 in Stealth
  1460 | D:2      | Reached XP level 3. HP: 26/26 MP: 6/6
  1697 | D:2      | Learned a level 3 spell: Confuse
  2229 | D:2      | Reached skill level 7 in Stealth
  2282 | D:2      | Reached XP level 4. HP: 31/32 MP: 1/7
  2727 | D:3      | Found a shattered altar of Ashenzari.
  2970 | D:3      | Reached skill level 8 in Stealth
  2970 | D:3      | Reached XP level 5. HP: 37/37 MP: 8/8
  3299 | D:4      | Noticed Eustachio
  3313 | D:3      | Killed Eustachio
  3313 | D:3      | Reached skill level 9 in Stealth
  3313 | D:3      | Reached XP level 6. HP: 43/43 MP: 3/9
  3417 | D:3      | Reached skill level 10 in Stealth
  3629 | D:4      | Mangled by a phantom

Vault maps used:
D:1:      lightli_arrival_windingriver
D:2:      hangedman_glass_teeth
D:3:      evilmike_ruin_ashenzari
D:4:      grunt_temple_overflow_order_and_chaos_1,
          nicolae_temple_entry_ecumenical, first_bread,
          kennysheep_generic_room_7, uniq_eustachio

Skill      XL: |  1  2  3  4  5  6 |
---------------+-------------------+-----
Stealth        | 5 6 7 8 9 10 | 10.1
Fighting       | 1 |  1.5
Short Blades   | 2 |  2.0
Dodging        | |  2.1
Spellcasting   | |  2.0
Hexes          | |  4.4

Action                   |  1- 3 |  4- 6 || total
-------------------------+-------+-------++-------
Melee: Dagger            |    68 |   118 ||   186
       Bite              |     1 |    10 ||    11
 Cast: Corona            |     4 |       ||     4
       Ensorcelled Hiber |    25 |    18 ||    43
       Confuse           |       |     7 ||     7
  Use: Scroll            |     3 |     1 ||     4
       Potion            |       |     2 ||     2
 Stab: Sleeping          |    24 |    22 ||    46
       Distracted        |     1 |     1 ||     2
Armor: Robe              |    18 |    16 ||    34
Dodge: Dodged            |    45 |    57 ||   102
